Map: Rifts to Korhal

Players

katale

  • Race: Protoss Protoss
  • Spawn Location: 7:00

RyuKey

  • Race: Protoss Protoss
  • League: Diamond
  • Spawn Location: 7:00

VOD

Have the link to the VOD?

Description

Time

  • Played on: June 12, 2020, 8:41 a.m.
  • Length: 24:09
Show
View Real Time Build Order
Export as new Build Order

katale Protoss 

Build Orders:  

Get SALT Encoding   

  12  0:01  Probe (Chrono Boost)  
  13  0:13  Probe (Chrono Boost)  
  14  0:30  Probe (Chrono Boost)  
  14  0:32  Pylon  
  15  1:00  Gateway  
  15  1:08  Probe (Chrono Boost)  
  15  1:10  Pylon  
  16  1:20  Assimilator, Probe (Chrono Boost)  
  17  1:30  Assimilator  
  17  1:46  Forge  
  17  1:56  Pylon  
  17  2:15  Legionnaire  
  20  2:42  Cybernetics Core  
  20  2:44  Probe (Chrono Boost)  
  21  2:56  Probe (Chrono Boost)  
  22  3:08  Probe (Chrono Boost)  
  22  3:17  A Strong Heart  
  23  3:24  Probe (Chrono Boost)  
  24  3:36  Probe (Chrono Boost)  
  25  3:43  Warp Gate  
  25  3:48  Probe (Chrono Boost)  
  26  4:39  Stargate  
  26  4:52  Nexus  
  26  5:02  Assimilator  
  27  5:10  Probe (Chrono Boost)  
  27  5:22  Photon Cannon  
  27  5:24  Probe (Chrono Boost)  
  28  5:38  Pylon  
  28  5:39  Probe (Chrono Boost)  
  29  5:54  Probe (Chrono Boost)  
  30  6:09  Probe (Chrono Boost)  
  31  6:20  Assimilator  
  31  6:21  Protoss Air Weapons Level 1  
  31  6:34  Probe (Chrono Boost)  
  32  6:49  Probe (Chrono Boost)  
  33  6:55  Fleet Beacon  
  33  7:04  Probe (Chrono Boost)  
  34  7:21  Stargate  
  34  7:32  Cybernetics Core  
  34  7:37  Probe (Chrono Boost)  
  35  7:47  Carrier  
  35  7:49  Graviton Catapult  
  35  7:51  Probe (Chrono Boost)  
  35  7:52  Probe (Chrono Boost)  
  37  8:07  Protoss Air Weapons Level 2  
  43  8:15  Pylon  
  43  8:20  Protoss Air Armor Level 1  
  43  8:22  Pylon  
  43  8:23  Probe (Chrono Boost)  
  44  8:34  Pylon  
  44  8:37  Probe (Chrono Boost)  
  45  8:46  Pylon  
  45  8:52  Probe (Chrono Boost)  
  45  8:53  Carrier  
  46  9:04  Photon Cannon  
  46  9:07  Probe (Chrono Boost)  
  53  9:22  Probe (Chrono Boost)  
  54  9:50  Carrier  
  51  10:14  Protoss Air Weapons Level 3  
  51  10:18  Protoss Air Armor Level 2  
  51  10:21  Protoss Shields Level 1  
  57  10:36  Pylon  
  57  10:42  Carrier  
  57  10:43  Photon Cannon  
  63  11:36  Carrier  
  69  12:12  Photon Cannon  
  69  12:26  Carrier, Protoss Air Armor Level 3  
  75  13:49  Twilight Council  
  75  14:13  Photon Cannon  
  75  14:30  Protoss Shields Level 2  
  75  15:38  Photon Cannon  
  75  17:22  Protoss Shields Level 3  
  75  18:27  Carrier x2  
  87  20:08  Carrier  
  87  20:10  Carrier  
  99  23:31  Pylon  
  99  23:35  Pylon  
  99  23:44  Pylon  
Show
View Real Time Build Order
Export as new Build Order

RyuKey Protoss 

Build Orders:  

Get SALT Encoding   

  12  0:04  Probe (Chrono Boost)  
  13  0:16  Probe (Chrono Boost)  
  14  0:27  Pylon  
  14  0:31  Probe (Chrono Boost)  
  15  0:49  Probe (Chrono Boost)  
  15  0:50  Pylon  
  16  1:03  Probe (Chrono Boost)  
  17  1:12  Forge  
  17  1:15  Probe (Chrono Boost)  
  18  1:27  Probe (Chrono Boost)  
  19  1:48  Probe (Chrono Boost)  
  20  2:00  Probe (Chrono Boost)  
  20  2:01  Photon Cannon  
  20  2:03  Photon Cannon  
  21  2:12  Probe (Chrono Boost)  
  22  2:22  Gateway  
  22  2:24  Probe (Chrono Boost)  
  22  2:28  Assimilator  
  23  2:35  Assimilator  
  23  2:36  Probe (Chrono Boost)  
  24  2:49  Probe (Chrono Boost)  
  24  2:57  Photon Cannon  
  25  3:05  Probe (Chrono Boost)  
  26  3:12  Pylon  
  26  3:19  Probe (Chrono Boost)  
  27  3:33  Probe (Chrono Boost)  
  28  3:40  Cybernetics Core  
  28  3:45  Probe (Chrono Boost)  
  29  4:12  Nexus  
  29  4:20  Pylon  
  29  4:23  Probe (Chrono Boost)  
  29  4:25  Warp Gate  
  30  5:16  Protoss Air Weapons Level 1  
  32  5:21  Protoss Ground Weapons Level 1  
  32  5:24  Robotics Facility, Assimilator  
  32  5:27  Pylon  
  32  5:29  Pylon  
  32  5:42  Photon Cannon  
  32  6:05  Stargate  
  32  6:14  Probe x2 (Chrono Boost)  
  34  6:28  Probe (Chrono Boost)  
  35  6:31  Energizer  
  37  6:47  Pylon  
  37  6:50  Pylon  
  37  6:54  Probe x2 (Chrono Boost)  
  39  7:06  Probe x2 (Chrono Boost)  
  41  7:18  Fleet Beacon, Probe (Chrono Boost)  
  41  7:19  Probe (Chrono Boost)  
  43  7:30  Probe (Chrono Boost)  
  43  7:31  Probe (Chrono Boost)  
  45  7:43  Khaydarin Monolith  
  45  7:46  Probe x2 (Chrono Boost)  
  47  7:58  Probe x2 (Chrono Boost), Sentinel  
  49  8:02  Protoss Air Weapons Level 2  
  51  8:10  Probe x2 (Chrono Boost)  
  51  8:13  Robotics Bay  
  51  8:18  Mirage  
  53  8:23  Probe (Chrono Boost)  
  56  8:42  Stargate  
  56  8:47  Stargate  
  56  8:51  Assimilator  
  56  8:55  Pylon  
  56  9:25  Anion Pulse-Crystals  
  56  9:52  Gateway  
  56  9:55  Gateway  
  56  9:56  Mirage  
  56  9:58  Gateway  
  56  10:02  Mirage  
  56  10:03  Gateway  
  56  10:04  Gateway  
  60  10:24  Mirage  
  60  10:28  Photon Cannon x2  
  60  10:31  Mirage, Photon Cannon  
  60  10:32  Probe (Chrono Boost)  
  60  10:33  Photon Cannon  
  60  10:35  Photon Cannon  
  61  10:41  Photon Cannon  
  61  10:49  Mirage  
  67  11:12  Protoss Air Armor Level 1  
  67  11:15  Mirage  
  67  11:16  Photon Cannon  
  69  11:26  Photon Cannon x2  
  69  11:29  Photon Cannon  
  69  11:30  Photon Cannon  
  69  11:33  Photon Cannon  
  69  11:34  Carrier  
  75  12:16  Sentinel x5  
  85  12:29  Twilight Council  
  85  12:59  Mirage x2  
  83  13:29  Mirage  
  83  13:38  Sentinel  
  87  13:41  Sentinel x5  
  87  13:42  Mirage  
  87  13:44  Observer  
  100  14:00  Mirage  
  102  14:22  Pylon  
  102  14:24  Pylon  
  102  14:25  Pylon, Protoss Air Armor Level 2  
  102  14:28  Pylon  
  102  14:31  Pylon  
  102  14:32  Protoss Ground Weapons Level 2  
  102  14:33  Pylon x2  
  102  14:34  Pylon  
  102  14:40  Mirage  
  102  14:42  Observer  
  102  14:46  Mirage  
  105  15:18  Photon Cannon  
  105  15:19  Photon Cannon  
  103  15:22  Photon Cannon  
  97  15:33  Photon Cannon  
  83  16:02  Mirage  
  83  16:08  Mirage x2  
  87  16:30  Sentinel x4  
  87  16:31  Sentinel x2  
  99  16:57  Charge  
  99  16:59  Mirage x3  
  105  17:32  Protoss Air Weapons Level 3  
  105  17:34  Mirage  
  105  17:46  Protoss Ground Armor Level 1  
  106  17:53  Observer  
  106  18:19  Observer  
  106  18:22  Sentinel  
  106  18:23  Sentinel x5  
  119  18:49  Sentinel x5  
  129  18:50  Sentinel  
  129  18:57  Mirage  
  133  19:22  Protoss Ground Weapons Level 3  
  131  19:41  Mirage x3  
  135  20:11  Mirage  
  137  20:26  Sentinel x6  
  149  21:03  Sentinel x2  
  149  21:04  Sentinel x4  
  153  21:42  Mirage  
  153  21:43  Mirage x2  
  159  21:52  Sentinel x2  
  159  21:53  Sentinel  
  165  22:08  Mirage  
  163  22:16  Mirage  
  165  22:27  Mirage  
  165  22:28  Mirage  
  165  22:38  Mirage  
  151  23:17  Sentinel x3  
  151  23:18  Sentinel x3  
Tags
 
Commander
FenixKarax
League
Diamond
Matchup
Co-op
Add a new tag
Caveats
  • Supply blocks, unpowered buildings, or Contaminate may cause inaccurate times.
  • Supply counts are checked every 10 seconds.